 Dungeon Crawl Stone Soup version 0.19.5 (webtiles) character file.

8823 Everybody the Arsonist (level 10, -5/69 HPs)
             Began as a Demigod Fire Elementalist on May 10, 2017.
             Slain by a hill giant
             ... wielding a +0 giant spiked club
              (40 damage)
             ... on level 10 of the Dungeon.
             The game lasted 00:25:04 (10448 turns).

Everybody the Arsonist (Demigod Fire Elementalist) Turns: 10448, Time: 00:25:05

Health: -5/69      AC: 12    Str: 11    XL:     10   Next: 93%
Magic:  20/37      EV: 16    Int: 25    God:
Gold:   426        SH:  0    Dex: 16    Spells: 5 memorised, 4 levels left

rFire  . . .     SeeInvis .     p - staff of power
rCold  . . .     Gourm    .     u - +2 robe {rN+}
rNeg   + . .     Faith    .     (no shield)
rPois  +         Spirit   .     (no helmet)
rElec  .         Reflect  .     y - +0 cloak
rCorr  .         Harm     .     B - +0 pair of gloves
MR     +....                    (no boots)
Stlth  ++........               (no amulet)
                                d - ring of poison resistance
                                h - +6 ring of protection

@: no status effects
A: high mp 1
a: no special abilities


You were on level 10 of the Dungeon.
You were hungry.

You visited 1 branch of the dungeon, and saw 10 of its levels.

You collected 426 gold pieces.

Inventory:

Hand Weapons
 q - a cursed -1 flail
 v - a +2 whip of venom
 G - a +0 whip of freezing
 O - a +3 long sword
Armour
 u - a +2 robe of positive energy (worn)
 y - a +0 cloak (worn)
 B - a +0 pair of gloves (worn)
Magical Staves
 p - an uncursed staff of power (weapon)
Jewellery
 d - a ring of poison resistance (right hand)
 h - a +6 ring of protection (left hand)
 k - an uncursed ring of flight
 l - an uncursed ring of positive energy
 x - an uncursed ring of see invisible
 N - an uncursed amulet of guardian spirit
 R - an uncursed ring of protection from cold {unknown}
Wands
 o - a wand of polymorph (24/24)
 E - a wand of hasting (3/9)
 F - a wand of confusion (34/48)
 H - a wand of flame (17/48)
 K - a wand of random effects (42/48)
 V - a wand of acid (5/15)
Scrolls
 e - 6 scrolls of remove curse
 f - 2 scrolls of teleportation
 r - a scroll of brand weapon {unknown}
 s - 2 scrolls of enchant armour
 w - 4 scrolls of identify
 D - 2 scrolls of recharging
 M - 3 scrolls of enchant weapon
Potions
 g - 2 potions of agility
 n - 2 potions of cure mutation
 t - a potion of magic {unknown}
 z - a potion of haste
 C - 3 potions of flight {unknown}
 I - 4 potions of curing
 P - a potion of might
 Q - 3 potions of lignification {unknown}
Books
 b - a book of Flames

   Spells                             Type                      Level
   a - Flame Tongue                   Conjuration/Fire             1
   b - Throw Flame                    Conjuration/Fire             2
   c - Conjure Flame                  Conjuration/Fire             3
   d - Inner Flame                    Hexes/Fire                   3
   e - Sticky Flame                   Conjuration/Fire             4
   f - Fireball                       Conjuration/Fire             5
 A - a book of Necromancy

   Spells                             Type                      Level
   a - Pain                           Necromancy                   1
   b - Animate Skeleton               Necromancy                   1
   c - Vampiric Draining              Necromancy                   3
   d - Regeneration                   Charms/Necromancy            3
   e - Animate Dead                   Necromancy                   4
   f - Control Undead                 Necromancy                   4
 J - a book of Changes

   Spells                             Type                      Level
   a - Beastly Appendage              Transmutation                1
   b - Sticks to Snakes               Transmutation                2
   c - Spider Form                    Transmutation/Poison         3
   d - Ice Form                       Ice/Transmutation            4
   e - Blade Hands                    Transmutation                5
 L - a book of Debilitation

   Spells                             Type                      Level
   a - Corona                         Hexes                        1
   b - Slow                           Hexes                        2
   c - Gell's Gravitas                Hexes/Translocation          3
   d - Inner Flame                    Hexes/Fire                   3
   e - Cause Fear                     Hexes                        4
   f - Leda's Liquefaction            Hexes/Earth                  4
 S - a book of Party Tricks

   Spells                             Type                      Level
   a - Summon Butterflies             Summoning                    1
   b - Apportation                    Translocation                1
   c - Lesser Beckoning               Translocation                3
   d - Tukima's Dance                 Hexes                        3
   e - Alistair's Intoxication        Transmutation/Poison         5
   f - Invisibility                   Hexes                        6
 T - a book of Air

   Spells                             Type                      Level
   a - Shock                          Conjuration/Air              1
   b - Swiftness                      Charms/Air                   2
   c - Repel Missiles                 Charms/Air                   2
   d - Static Discharge               Conjuration/Air              3
   e - Lightning Bolt                 Conjuration/Air              5
Comestibles
 a - a royal jelly
 c - 5 bread rations
 i - 21 fruits
 j - 3 beef jerkies
 m - 8 meat rations
 U - 3 slices of pizza


   Skills:
 + Level 6.6 Dodging
 - Level 1.7 Stealth
 + Level 6.0 Spellcasting
 * Level 9.1 Conjurations
 + Level 3.6 Transmutations
 * Level 9.3 Fire Magic


You had 4 spell levels left.
You knew the following spells:

 Your Spells              Type           Power        Failure   Level  Hunger
a - Flame Tongue          Conj/Fire      #####        1%          1    None
b - Conjure Flame         Conj/Fire      ######..     1%          3    None
c - Sticky Flame          Conj/Fire      ######..     1%          4    ###....
d - Fireball              Conj/Fire      ######....   6%          5    #####..
e - Ice Form              Ice/Tmut       ###.....     38%         4    ###....


Dungeon Overview and Level Annotations

Branches:
Dungeon (10/15)            Temple (0/1) D:4            Lair (0/6) D:8
    Orc: D:9-12


Innate Abilities, Weirdness & Mutations

You have an increased reservoir of magic. (+10% MP)


Message History

Casting: Sticky Flame
Confirm with . or Enter, or press ? or * to list all spells.
Aiming: Sticky Flame
Press: ? - help, Shift-Dir - straight line, f/p - hill giant
Aim: a hill giant, wielding a giant spiked club (heavily wounded, covered in liquid flames)
The sticky flame hits the hill giant.
The hill giant is severely wounded.
The hill giant is covered in liquid flames!
The hill giant burns!
Casting: Sticky Flame
Confirm with . or Enter, or press ? or * to list all spells.
Aiming: Sticky Flame
Press: ? - help, Shift-Dir - straight line, f/p - hill giant
Aim: a hill giant, wielding a giant spiked club (severely wounded, covered in liquid flames)
The sticky flame hits the hill giant.
The hill giant is severely wounded.
The hill giant burns!
The hill giant hits you with a giant spiked club!!!
Ouch! That really hurt!
You die...

###
#.#######
#.....@.#
#.#####C#
########.#
.#
#........#
.#
#.########
.. #.# ##
#.# #.#
#.#####


You could see a hill giant (burning).

Vanquished Creatures
  A hydra (D:9)
  A hill giant (D:7)
  Prince Ribbit (D:6)
  2 two-headed ogres (D:9)
  2 dream sheep (D:9)
  A hippogriff (D:7)
  Sigmund (D:3)
  2 wyverns
  Grum (D:8)
  5 yaks (D:9)
  3 hungry ghosts
  2 water moccasins
  2 orc warriors
  4 phantoms
  4 ice beasts
  A necrophage (D:6)
  An ogre (D:9)
  4 wolves (D:8)
  4 big kobolds
  4 centaurs
  5 bullfrogs
  2 scorpions
  4 killer bees (D:7)
  4 wights (D:7)
  An electric eel (D:10)
  3 crimson imps
  A bullfrog zombie (D:8)
  4 hounds
  A jelly (D:7)
  A gnoll shaman (D:4)
  3 bullfrog skeletons
  4 centaur zombies
  3 orc priests
  Crazy Yiuf (D:3)
  9 orc wizards
  5 iguanas
  9 worker ants
  A killer bee zombie (D:9)
  A hound skeleton (D:8)
  2 hound zombies
  15 gnolls
  4 adders
  3 river rats (D:5)
  2 shadow imps
  An ooze (D:2)
  3 worms
  4 dart slugs (D:1)
  7 leopard geckos
  31 orcs
  5 ball pythons
  4 giant cockroaches
  11 goblins
  5 hobgoblins
  11 jackals
  4 quokkas
  12 bats
  5 frilled lizards
  18 kobolds
  A leopard gecko zombie (D:7)
  42 rats
  2 plants (D:9)
300 creatures vanquished.

Notes
Turn   | Place    | Note
-------+----------+-------------------------------------------
     0 | D:1      | Everybody the Demigod Fire Elementalist began the quest for the Orb.
     0 | D:1      | Reached XP level 1. HP: 14/14 MP: 5/5
     9 | D:1      | Reached skill level 1 in Conjurations
   305 | D:1      | Reached XP level 2. HP: 18/20 MP: 5/7
   792 | D:2      | Found a glowing silver altar of Zin.
   942 | D:2      | Reached XP level 3. HP: 26/26 MP: 0/8
   947 | D:2      | Learned a level 3 spell: Conjure Flame
  1848 | D:2      | Found a hide-covered altar of Uskayaw.
  2027 | D:3      | Noticed Sigmund
  2029 | D:3      | Reached XP level 4. HP: 33/33 MP: 6/9
  2090 | D:2      | Learned a level 3 spell: Inner Flame
  2279 | D:4      | HP: 1/33 [orc wizard/magic dart (5)]
  2506 | D:4      | Found a staircase to the Ecumenical Temple.
  2610 | D:4      | Found a basalt altar of Yredelemnul.
  2888 | D:3      | Reached XP level 5. HP: 38/38 MP: 11/11
  2924 | D:3      | Killed Sigmund
  2924 | D:3      | Reached XP level 6. HP: 42/45 MP: 12/12
  3256 | D:3      | Found a runed door.
  3536 | D:3      | Noticed Crazy Yiuf
  3538 | D:3      | Killed Crazy Yiuf
  4318 | D:5      | Entered Level 5 of the Dungeon
  4325 | D:5      | Learned a level 4 spell: Sticky Flame
  4360 | D:5      | Reached XP level 7. HP: 24/50 MP: 14/14
  4434 | D:5      | Reached skill level 5 in Fire Magic
  4812 | D:5      | Found a glowing drain.
  4931 | D:5      | Found a white marble altar of Elyvilon.
  5194 | D:6      | Found a radiant altar of Vehumet.
  5244 | D:6      | Reached skill level 5 in Conjurations
  5244 | D:6      | Reached XP level 8. HP: 57/57 MP: 16/16
  5256 | D:6      | Found an opulent altar of Gozag.
  5258 | D:6      | Noticed Prince Ribbit
  5269 | D:6      | Killed Prince Ribbit
  6302 | D:6      | Reached skill level 5 in Dodging
  6367 | D:6      | Learned a level 5 spell: Fireball
  6630 | D:7      | Reached XP level 9. HP: 61/62 MP: 19/19
  7129 | D:7      | Learned a level 4 spell: Ice Form
  7237 | D:7      | Noticed a hill giant
  7247 | D:7      | Killed a hill giant
  7247 | D:7      | Reached skill level 1 in Transmutations
  7585 | D:7      | Found a burning altar of Makhleb.
  7585 | D:7      | Noticed a blizzard demon
  7676 | D:7      | Noticed a hellwing
  7676 | D:7      | Noticed a smoke demon
  7790 | D:8      | Noticed Grum
  7803 | D:8      | Killed Grum
  7803 | D:8      | Reached skill level 5 in Spellcasting
  7908 | D:8      | Reached XP level 10. HP: 69/69 MP: 5/21
  8282 | D:8      | Found a glowing golden altar of the Shining One.
  8453 | D:8      | Found a staircase to the Lair.
  8604 | D:8      | Noticed a death knight
  8606 | D:8      | Noticed a phantasmal warrior
  9176 | D:9      | Found a sparkling altar of Nemelex Xobeh.
  9451 | D:9      | Found an ancient bone altar of Kikubaaqudgha.
  9676 | D:9      | Found a sacrificial altar of Ru.
  9748 | D:9      | Noticed a two-headed hydra
  9754 | D:9      | Killed a two-headed hydra
  9968 | D:10     | Entered Level 10 of the Dungeon
 10246 | D:10     | Paralysed by fainting for 12 turns
 10443 | D:10     | Noticed a hill giant
 10448 | D:10     | Slain by a hill giant

Skill      XL: |  1  2  3  4  5  6  7  8  9 10 |
---------------+-------------------------------+-----
Conjurations   | 1 2 3 5 6 7 9 |  9.1
Dodging        | 2 3 4 5 6 |  6.6
Spellcasting   | 2 3 4 5 6 |  6.0
Fire Magic     | 3 4 5 7 8 9 |  9.3
Transmutations | 2 3 |  3.6
Stealth        | |  1.7

Action                   |  1- 3 |  4- 6 |  7- 9 | 10-12 || total
-------------------------+-------+-------+-------+-------++-------
Melee: Unarmed           |     2 |       |       |     4 ||     6
       Club              |     1 |       |       |       ||     1
       Whip              |       |     1 |    18 |    12 ||    31
       Staff             |       |       |     3 |     1 ||     4
       Long sword        |       |       |    25 |       ||    25
 Cast: Flame Tongue      |    97 |   142 |   282 |   165 ||   686
       Sticky Flame      |       |     2 |    20 |    22 ||    44
       Fireball          |       |       |     5 |    15 ||    20
       Ice Form          |       |       |       |     1 ||     1
  Use: Scroll            |     4 |     9 |     4 |     1 ||    18
       Potion            |       |     5 |     1 |       ||     6
  Eat: Chunk             |     4 |     7 |    10 |     8 ||    29
       Beef jerky        |       |       |     2 |       ||     2
       Meat ration       |       |       |     1 |       ||     1
       Bread ration      |       |       |     1 |       ||     1
       Pizza             |       |       |       |     5 ||     5
       Fruit             |       |       |       |     1 ||     1
Armor: Robe              |    27 |    24 |    86 |    49 ||   186
       Skin              |       |       |       |     5 ||     5
Dodge: Dodged            |    70 |    64 |   164 |    94 ||   392
       Rpst.: Long sword |       |       |    14 |       ||    14
